 Dungeon Crawl Stone Soup version 0.19.0-9-gfd783f2 (webtiles) character file.

8607 mistymad the Transmogrifier (level 11, -7/120 HPs)
             Began as a Naga Transmuter on Nov 7, 2016.
             Mangled by a three-headed hydra (15 damage)
             ... on level 9 of the Dungeon.
             The game lasted 00:42:47 (15398 turns).

mistymad the Transmogrifier (Naga Transmuter)      Turns: 15398, Time: 00:42:48

Health: -7/120     AC:  6    Str: 14    XL:     11   Next: 33%
Magic:  14/21      EV: 10    Int: 16    God:
Gold:   570        SH:  0    Dex: 11    Spells: 4 memorised, 10 levels left

rFire  x . .     SeeInvis +       - Unarmed
rCold  + + +     Gourm    .     (armour currently unavailable)
rNeg   + . .     Faith    .     (shield currently unavailable)
rPois  +         Spirit   .     (helmet currently unavailable)
rElec  .         Reflect  .     (cloak currently unavailable)
rCorr  .         Harm     .     (gloves currently unavailable)
MR     +....                    (no barding)
Stlth  +.........               (no amulet)
                                (no ring)
                                I - ring of positive energy

@: ice-form, very slightly contaminated
A: see invisible, (deformed body), (poison resistance), (slowness 0), slow
metabolism 1, spit poison 1, AC +3
a: Spit Poison, End Transformation


You were on level 9 of the Dungeon.
You were hungry.
You were a creature of crystalline ice.
You visited 2 branches of the dungeon, and saw 10 of its levels.
You also visited: Sewer.

You collected 570 gold pieces.

Inventory:

Missiles
 a - 131 arrows
 G - 2 throwing nets (quivered)
Armour
 b - a +0 robe (melded)
 t - a +0 pair of gloves (melded)
 u - a +1 helmet (melded)
 y - a +0 large shield
Jewellery
 I - a ring of positive energy (left front paw)
Wands
 k - a wand of acid (6/15)
 v - a wand of lightning (8/15)
 x - a wand of slowing (18/48)
 C - a wand of teleportation (4/9)
 E - a wand of iceblast (8/15)
 F - a wand of lightning (3/15)
Scrolls
 f - a scroll of noise
 j - 7 scrolls of remove curse
 m - a scroll of amnesia
 n - 3 scrolls of recharging
 q - 3 scrolls of teleportation
 r - 3 scrolls of identify
 w - a scroll of enchant weapon
Potions
 e - a potion of might
 g - a potion of ambrosia {unknown}
 h - a potion of magic {unknown}
 l - 2 potions of cure mutation
 o - 2 potions of brilliance {unknown}
 p - 3 potions of haste
 s - 3 potions of heal wounds
 z - a potion of lignification {unknown}
 A - a potion of berserk rage {unknown}
 B - 2 potions of flight {unknown}
 D - a potion of curing
Books
 c - a book of Changes

   Spells                             Type                      Level
   a - Beastly Appendage              Transmutation                1
   b - Sticks to Snakes               Transmutation                2
   c - Spider Form                    Transmutation/Poison         3
   d - Ice Form                       Ice/Transmutation            4
   e - Blade Hands                    Transmutation                5
 H - a book of Debilitation

   Spells                             Type                      Level
   a - Corona                         Hexes                        1
   b - Slow                           Hexes                        2
   c - Gell's Gravitas                Hexes/Translocation          3
   d - Inner Flame                    Hexes/Fire                   3
   e - Cause Fear                     Hexes                        4
   f - Leda's Liquefaction            Hexes/Earth                  4
Comestibles
 d - 6 bread rations
 i - 2 meat rations
 J - 14 chunks of flesh
 K - 12 fruits
 L - 6 slices of pizza


   Skills:
 + Level 7.3 Fighting
 - Level 1.5 Dodging
 + Level 10.2 Unarmed Combat
 + Level 7.0 Spellcasting
 + Level 10.3 Transmutations


You had 10 spell levels left.
You knew the following spells:

 Your Spells              Type           Power        Failure   Level  Hunger
a - Blade Hands           Tmut           #####.....   6%          5    #####..
b - Sticks to Snakes      Tmut           #####...     1%          2    None
c - Spider Form           Tmut/Pois      ###.......   6%          3    ##.....
d - Ice Form              Ice/Tmut       ###.....     17%         4    ####...


Dungeon Overview and Level Annotations

Branches:
Dungeon (9/15)             Temple (1/1) D:6            Lair (0/6) D:8
    Orc: D:9-12

Altars:
Ashenzari
Cheibriados
Dithmenos
Elyvilon
Fedhas
Gozag
Hepliaklqana
Kikubaaqudgha
Makhleb
Nemelex Xobeh
Okawaru
Qazlal
Ru
Sif Muna
Trog
Uskayaw
Vehumet
Xom
Yredelemnul
Zin
The Shining One

Shops:
D:4 :

Annotations:
D:6 4 exclusions
D:7 Xiguana's ghost, novice HESk


Innate Abilities, Weirdness & Mutations

You cannot wear boots.
((Your serpentine skin is tough. (AC +3)))
You have supernaturally acute eyesight. (SInv)
((Armour fits poorly on your strangely shaped body.))
((Your system is resistant to poisons. (rPois)))
((You cover ground very slowly.))
You have a slow metabolism.
You can spit poison.


Message History

Your transformation has ended.
Your +1 helmet unmelds from your body.
Your +0 pair of gloves unmelds from your body.
Your +0 robe unmelds from your body.
You turn into a creature of crystalline ice.
Your +1 helmet melds into your body.
Your +0 pair of gloves melds into your body.
Your +0 robe melds into your body.
The three-headed hydra bites you.
* * * LOW HITPOINT WARNING * * *
The three-headed hydra bites you but does no damage.
The three-headed hydra bites you.
* * * LOW HITPOINT WARNING * * *
The big kobold hits you but does no damage.
You now have 16/120 hp.
You completely miss the three-headed hydra.
The three-headed hydra is almost dead.
The three-headed hydra bites you!
* * * LOW HITPOINT WARNING * * *
The three-headed hydra bites you!
You die...

.....#................. .. #.
#.................... .. ...
#...................## ..
...###..................... .
.....#...............).....
#.........................
##........................
##.....##########..........
.#......#..#.Y...#.........%
#.......#..'KD..≈#..........
........#..'.P...#..........
........#..'....≈÷..........
........#..#....†#)...........
........#'##P≈P.≈#............
........#%.#≈≈)≈P#............
........#.)+.P≈PP#............
........##########............


You could see a three-headed hydra and a big kobold.

Vanquished Creatures
  The ghost of azzavlup the Spear-Bearer, a novice MfSk of Okawaru (D:9)
  Psyche (D:8)
  2 trolls (D:9)
  Grinder (D:6)
  A two-headed ogre (D:9)
  A dream sheep (D:9)
  2 hippogriffs (D:8)
  3 yaks
  2 hungry ghosts
  8 orc warriors
  2 sky beasts (D:8)
  An ice beast (D:8)
  2 black bears (D:7)
  2 phantoms
  8 ogres
  5 centaurs
  A crocodile (D:8)
  7 big kobolds
  A gnoll sergeant (D:8)
  5 bullfrogs
  6 scorpions
  2 howler monkeys
  5 crimson imps
  2 quasits (D:8)
  A centaur skeleton (D:6)
  8 orc priests
  2 jellies
  15 orc wizards
  3 hounds
  A gnoll shaman (D:8)
  Terence (D:3)
  Jessica (D:2)
  3 iguanas
  3 worker ants
  A howler monkey skeleton (D:7)
  Robin (D:3)
  15 adders
  15 gnolls
  5 river rats
  3 oozes
  6 adder skeletons
  4 worms
  A dart slug (D:2)
  8 leopard geckos
  39 orcs
  20 bats
  14 giant cockroaches
  16 goblins
  10 hobgoblins
  9 jackals
  4 quokkas
  9 ball pythons
  13 frilled lizards
  21 kobolds
  A leopard gecko skeleton (D:5)
  A quokka skeleton (D:4)
  2 quokka zombies
  22 rats
  4 fungi (D:8)
  2 plants (D:8)
355 creatures vanquished.

Vanquished Creatures (collateral kills)
  A dream sheep (D:9)
  An orc warrior (D:8)
  A black bear (D:8)
  A hound (D:8)
  2 orc priests
  A gnoll shaman (D:8)
  3 gnolls (D:8)
  5 orcs
  2 bats (D:8)
  A kobold (D:8)
18 creatures vanquished.

Vanquished Creatures (others)
  A gnoll shaman (D:4)
  A worker ant (D:4)
  An adder (D:4)
  A leopard gecko (D:4)
  An orc (D:6)
  A jackal (D:4)
  14 fungi (D:8)
  6 plants (D:8)
26 creatures vanquished.

Grand Total: 399 creatures vanquished

Notes
Turn   | Place    | Note
-------+----------+-------------------------------------------
     0 | D:1      | mistymad the Naga Transmuter began the quest for the Orb.
     0 | D:1      | Reached XP level 1. HP: 18/18 MP: 3/3
   295 | D:1      | Reached XP level 2. HP: 25/25 MP: 5/5
  1214 | D:1      | Reached XP level 3. HP: 25/31 MP: 4/7
  1957 | D:2      | Learned a level 2 spell: Sticks to Snakes
  1961 | D:2      | Learned a level 3 spell: Spider Form
  2006 | D:2      | Reached XP level 4. HP: 32/38 MP: 4/8
  2081 | D:2      | Noticed Jessica
  2086 | D:2      | Killed Jessica
  2382 | D:2      | Found a faded altar of an unknown god.
  2769 | D:3      | Reached XP level 5. HP: 34/44 MP: 1/9
  2904 | D:3      | Found a glowing drain.
  2989 | Sewer    | Entered a sewer
  3466 | D:3      | Noticed Terence
  3482 | D:3      | Killed Terence
  3656 | D:3      | Noticed Robin
  3689 | D:3      | Reached XP level 6. HP: 12/51 MP: 1/10
  4210 | D:3      | Killed Robin
  4321 | D:3      | Reached skill level 5 in Unarmed Combat
  4757 | D:3      | Reached skill level 5 in Transmutations
  4757 | D:3      | Reached XP level 7. HP: 14/57 MP: 7/11
  5655 | D:4      | Found Yxuest's Book Shoppe.
  5807 | D:4      | Found a shimmering altar of Xom.
  6959 | D:5      | Entered Level 5 of the Dungeon
  7030 | D:5      | Reached XP level 8. HP: 52/64 MP: 7/12
  7375 | D:5      | HP: 3/64 [orc wizard/magic dart (7)]
  7808 | D:6      | Noticed Grinder
  7808 | D:6      | Paralysed by Grinder for 7 turns
  7823 | D:6      | Killed Grinder
  8073 | D:6      | Reached XP level 9. HP: 67/73 MP: 10/14
  8534 | D:6      | Found a staircase to the Ecumenical Temple.
  9328 | Temple   | Entered the Ecumenical Temple
 10125 | D:7      | Noticed Xiguana's ghost (novice HESk)
 10635 | D:7      | Found a shadowy altar of Dithmenos.
 11322 | D:8      | Reached skill level 5 in Spellcasting
 11322 | D:8      | Reached XP level 10. HP: 64/87 MP: 14/17
 11547 | D:8      | Reached skill level 5 in Fighting
 12124 | D:8      | HP: 4/88 [poisoned by an orc warrior]
 13079 | D:8      | Learned a level 5 spell: Blade Hands
 13084 | D:8      | Learned a level 4 spell: Ice Form
 13172 | D:8      | Found a staircase to the Lair.
 13588 | D:8      | Noticed Psyche
 13598 | D:8      | Killed Psyche
 14545 | D:9      | Reached skill level 10 in Transmutations
 14545 | D:9      | Reached XP level 11. HP: 94/99 MP: 7/20
 14553 | D:9      | Noticed azzavlup's ghost (novice MfSk)
 14569 | D:9      | Killed azzavlup's ghost
 14569 | D:9      | Reached skill level 10 in Unarmed Combat
 15376 | D:9      | Noticed a three-headed hydra
 15398 | D:9      | Mangled by a three-headed hydra

Skill      XL: |  1  2  3  4  5  6  7  8  9 10 11 |
---------------+----------------------------------+-----
Spellcasting   | 3 5 6 7 |  7.0
Transmutations | 3 4 5 6 7 8 10 | 10.3
Unarmed Combat | 4 5 6 7 8 9 10 | 10.2
Fighting       | 2 4 6 7 |  7.3
Dodging        | |  1.5

Action                   |  1- 3 |  4- 6 |  7- 9 | 10-12 || total
-------------------------+-------+-------+-------+-------++-------
Melee: Unarmed           |    96 |   221 |   412 |   337 ||  1066
       Punch             |     1 |     1 |       |     1 ||     3
       Headbutt          |     7 |       |       |       ||     7
 Cast: Beastly Appendage |    14 |       |       |       ||    14
       Spider Form       |     1 |    33 |    71 |    27 ||   132
       Sticks to Snakes  |       |     2 |    10 |    33 ||    45
       Blade Hands       |       |       |       |    10 ||    10
       Ice Form          |       |       |       |     4 ||     4
 Abil: Spit Poison       |    19 |     7 |    10 |     5 ||    41
  Use: Scroll            |       |     8 |       |     5 ||    13
       Potion            |       |     2 |     2 |     3 ||     7
 Stab: Sleeping          |       |     1 |       |       ||     1
       Distracted        |       |       |     1 |     1 ||     2
  Eat: Chunk             |     4 |    12 |    22 |    10 ||    48
       Beef jerky        |       |       |     1 |     1 ||     2
       Royal jelly       |       |       |     1 |       ||     1
       Meat ration       |       |       |       |     1 ||     1
Armor: Robe              |     9 |    11 |    21 |    22 ||    63
       Skin              |       |     9 |    24 |    29 ||    62
Dodge: Dodged            |    49 |   183 |   352 |   239 ||   823
